 Dungeon Crawl Stone Soup version 0.15-a0-734-g2b8d6ef (webtiles) character file.

16 4tharraofdagon the Firebug (level 2, -9/11 HPs)
             Began as a Felid Fire Elementalist on May 11, 2014.
             Killed from afar by Blork the orc (12 damage)
             ... with a wand of frost
             ... on Level 4 of the Dungeon.
             The game lasted 00:02:47 (449 turns).

4tharraofdagon the Firebug (Felid Fire Elementalist) Turns: 449, Time: 00:02:48

HP  -9/11        AC  1     Str  4      XL: 2   Next: 37%
MP   4/5         EV 18     Int 16      God:
Gold 66          SH  0     Dex 16      Spells:  1 memorised,  4 levels left
Lives: 0, deaths: 0

rFire  . . .     SeeInvis +     (weapon unavailable)
rCold  . . .     Clarity  .     (armour unavailable)
rNeg   . . .     Conserve .     (shield unavailable)
rPois  .         rCorr    .     (helmet unavailable)
rElec  .         rRot     .     (cloak unavailable)
SustAb . .       Spirit   .     (gloves unavailable)
rMut   .         Warding  .     (boots unavailable)
Gourm  +         Stasis   .     d - amulet of the gourmand
MR     .....                    (no ring)
                                (no ring)

@: quick, not resistant to hostile enchantments, fairly stealthy
A: paw claws, no armour, no weapons or thrown items, fangs 3, see invisible,
carnivore 3, speed 1, shaggy fur 1, slow metabolism 1, jump 1
a: Jump Attack


You were on level 4 of the Dungeon.
You were very full.

You visited 1 branch of the dungeon, and saw 4 of its levels.

You collected 66 gold pieces.

Inventory:

Comestibles
 c - a meat ration
Scrolls
 a - a scroll of recharging {unknown}
 e - a scroll of identify {unknown}
 f - 2 scrolls of remove curse {unknown}
 g - a scroll of enchant weapon I {unknown}
 h - a scroll of teleportation {unknown}
 i - a scroll of noise {unknown}
Jewellery
 d - an amulet of the gourmand (around neck)
Potions
 j - a potion of might {unknown}
Books
 b - a book of Flames

   Spells                             Type                      Level
   *Flame Tongue                      Conjuration/Fire             1
   Throw Flame                        Conjuration/Fire             2
   Conjure Flame                      Conjuration/Fire             3
   Inner Flame                        Hexes/Fire                   3
   Sticky Flame                       Conjuration/Fire             4
   Fireball                           Conjuration/Fire             5


   Skills:
 - Level 2.6 Dodging
 - Level 2.6 Stealth
 + Level 2.1 Spellcasting
 * Level 1.6 Conjurations
 * Level 3.0 Fire Magic


You had 4 spell levels left.
You knew the following spells:

 Your Spells              Type           Power        Failure   Level  Hunger
a - Flame Tongue          Conj/Fire      #....        10%         1    #......


Dungeon Overview and Level Annotations

Branches:
Dungeon (4/15)
 Temple: D:4-7

Altars:
Cheibriados
Fedhas
Qazlal

Annotations:
D:2 Sigmund
D:4 Blork the orc, Eustachio


Innate Abilities, Weirdness & Mutations

You cannot wear armour.
You are incapable of wielding weapons or throwing items.
Your paws have sharp claws.
You have razor-sharp teeth.
You have supernaturally acute eyesight.
You are carnivorous and can eat meat at any time.
You cover ground quickly.
You are covered in fur (AC +1).
You have a slow metabolism.
You can jump attack at a short distance.


Message History

Aim: a goblin The flame tongue hits the goblin.
You kill the goblin!
Casting: Flame Tongue
Confirm with . or Enter, or press ? or * to list all spells.
You can't see any susceptible monsters within range! (Use Z to cast anyway.) Unknown command.
There is a stone staircase leading down here.
You climb downwards.
Level annotation: Eustachio A giant newt and Blork the orc come into view.
Blork the orc shouts!
Blork the orc gestures at you while chanting.
The puff of frost hits you!
Ouch! That really hurt!
* * * LOW HITPOINT WARNING * * *
There is a stone staircase leading up here.
Blork the orc zaps a wand.
The puff of frost hits you!
Ouch! That really hurt!
You die...

...
.......#
........#
...o.....#
..........#
..........#
#.l......#
#........#
#.....@..#
#........#
#........#
#........#
#........#
#........#
........#
.......#
...


You could see Blork the orc and a giant newt.

Vanquished Creatures
  3 bats
  A giant cockroach (D:2)
  2 goblins
  2 hobgoblins (D:4)
  4 kobolds
  2 giant newts
14 creatures vanquished.

Notes
Turn   | Place    | Note
--------------------------------------------------------------
     0 | D:1      | 4tharraofdagon, the Felid Fire Elementalist, began the quest for the Orb.
     0 | D:1      | Reached XP level 1. HP: 7/7 MP: 4/4
    46 | D:2      | Reached skill level 1 in Conjurations
    79 | D:2      | Found a blossoming altar of Fedhas.
    80 | D:2      | Found a snail-covered altar of Cheibriados.
   196 | D:2      | Noticed Sigmund
   233 | D:3      | Reached XP level 2. HP: 7/11 MP: 2/5
   281 | D:3      | Found a stormy altar of Qazlal.
   349 | D:4      | Noticed Eustachio
   416 | D:3      | Reached skill level 3 in Fire Magic
   448 | D:4      | Noticed Blork the orc
   449 | D:4      | Killed from afar by Blork the orc

Action                   || total
-------------------------++-------
Melee: Unarmed           ||    10
 Cast: Flame Tongue      ||    21
  Use: Potion            ||     1
 Stab: Sleeping          ||     4

Vault maps used:
D:1:      lemuel_arrival_hallway, minmay_misc_feat_plants
D:2:      amethyst_overflow_temple_binary, uniq_sigmund
D:3:      nicolae_qazlal_general_emergency, first_bread
D:4:      minmay_temple_entry_poolview, guppyfry_shop_venom, uniq_blork_the_orc,
          uniq_eustachio
